Workbook

Sheet Monitoreo PTEP
C3: PROCESO: | G3: Versión: 2
C4: Direccionamiento Estratégico y Aprendizaje Organizacional | G4: Código: DE-FR-036
C5: FORMATO: | G5: Fecha: 30/05/2025
C6: Formulación plan monitoreo y ejecución Programa de Transparencia y Ética Pública
B8: PROGRAMA DE TRANSPARENCIA Y ÉTICA PÚBLICA
B10: Objetivo
B11: Establecer en Mindeporte los mecanismos de lucha contra la corrupción a través de la implementación de una estrategia de transparencia y ética pública que integre acciones para identificar y gestionar riesgos de corrupción, facilitar el acceso a la información pública, garantizar una rendición de cuentas continua, simplificar trámites y servicios, adoptar medidas preventivas contra el lavado de activos, y promover la participación ciudadana.
B12: Objetivos específicos
B13: • Definir e implementar acciones concretas que garanticen la adecuada ejecución de la Ley de Transparencia y Acceso a la Información Pública, asegurando la divulgación de información relevante y accesible para la ciudadanía. • Desarrollar y mantener un sistema de rendición de cuentas periódico que informe a la ciudadanía sobre las actividades y resultados del Ministerio del Deporte, promoviendo la transparencia y la confianza en la gestión pública. • Diseñar y ejecutar estrategias enfocadas en la mejora continua del servicio al ciudadano, asegurando que las interacciones con el Ministerio del Deporte sean eficaces, eficientes y satisfactorias. • Formular e implementar una estrategia de racionalización de trámites que facilite el acceso de la ciudadanía a los servicios ofrecidos por Mindeporte, reduciendo tiempos de espera y simplificando procesos. • Impulsar iniciativas que promuevan la participación ciudadana y la innovación en la gestión de la entidad, al mismo tiempo que se socializan los principios y valores de Mindeporte para fortalecer una cultura de integridad y responsabilidad. • Fortalecer los canales de denuncia dispuestos para la recepción de denuncias de posibles actos de corrupción.
B14: Componente | D14: Total de actividades | F14: % de avance | G14: Ponderación
B15: 1. Administración de Riesgos | D15: =COUNTA('Componente 1'!B6:B12) -> 7 | F15: =AVERAGE('Componente 1'!L13+'Componente 1'!Q13)/2 -> 0 | G15: =IFERROR(D15/$D$23,"0") -> 0.098591549
B16: 2. Medidas Debida Diligencia | D16: =COUNTA('Componente 2'!B6:B9) -> 4 | F16: =AVERAGE('Componente 2'!L10+'Componente 2'!Q10)/2 -> 0 | G16: =IFERROR(D16/$D$23,"0") -> 0.056338028
B17: 3. Participación Ciudadana y Rendición de Cuentas | D17: =COUNTA('Componente 3'!B6:B15) -> 10 | F17: =AVERAGE('Componente 3'!L16+'Componente 3'!Q16)/2 -> 0 | G17: =IFERROR(D17/$D$23,"0") -> 0.14084507
B18: 4. Transparencia y acceso a la Información | D18: =COUNTA('Componente 4'!B6:B21) -> 16 | F18: =AVERAGE('Componente 4'!L22+'Componente 4'!Q22)/2 -> 0 | G18: =IFERROR(D18/$D$23,"0") -> 0.22535211
B19: 5. Estado Abierto | D19: =COUNTA('Componente 5'!B6:B19) -> 14 | F19: =AVERAGE('Componente 5'!L20+'Componente 5'!Q20)/2 -> 0 | G19: =IFERROR(D19/$D$23,"0") -> 0.1971831
B20: 6. Legalidad e Integridad y conflicto de intereses | D20: =COUNTA('Componente 6'!B6:B11) -> 6 | F20: =AVERAGE('Componente 6'!L12+'Componente 6'!Q12)/2 -> 0 | G20: =IFERROR(D20/$D$23,"0") -> 0.084507042
B21: 7. Redes Institucionales y Canales de Denuncia | D21: =COUNTA('Componente 7'!B6:B9) -> 4 | F21: =AVERAGE('Componente 7'!L10+'Componente 7'!Q10)/2 -> 0 | G21: =IFERROR(D21/$D$23,"0") -> 0.056338028
B22: 8. Iniciativas adicionales | D22: =COUNTA('Componente 8'!B6:B15) -> 10 | F22: =AVERAGE('Componente 8'!L16+'Componente 8'!Q16)/2 -> 0 | G22: =IFERROR(D22/$D$23,"0") -> 0.14084507
D23: =SUM(D15:E22) -> 71 | F23: =SUM(F15:F22)/8 -> 0 | G23: =SUM(G15:G22) -> 1
B26: CONTROL DE CAMBIOS
B27: Número de versión | C27: Fecha | D27: Descripción de cambios
B28: 1 | C28: 45702 | D28: Creación del Documento
B29: 2 | C29: 45807 | D29: Se incluye en los componentes columnas para que la primera línes de defensa realice el reporte del avance cualitativo y cuantitativo en los dos (2) monitoreos.
B30: 3 | C30: 45873 | D30: El Ministerio del Deporte, a través del Comité Institucional de Gestión y Desempeño, efectuó ajustes a las actividades definidas en los componentes del Plan de Monitoreo y Ejecución para la vigencia 2025, con el propósito de fortalecer las acciones institucionales orientadas a la lucha contra la corrupción: Se modifica fechas en los componentes de administración del riesgo (Actividad 1.1), Medidas de debida diligencia (Actividad 3.1), participación ciudadana y Rendición de cuentas (Actividad 1.1), Redes institucionales y canales de denuncia 4.1, Iniciativas Adicionales 1.4 y se ajustó la meta de la actividad 2.2 en el componente de Administración del Riesgo
B33: *Inserte la cantidad de celdas que se requiera

Sheet Instrucciones
B2: PROCESO: | G2: Versión: 2
B3: Direccionamiento Estratégico y Aprendizaje Organizacional | G3: Código: DE-FR-036
B4: FORMATO: | G4: Fecha: 30/05/2025
B5: Formulación plan monitoreo y ejecución Programa de Transparencia y Ética Pública
A7: PROGRAMA DE TRANSPARENCIA Y ÉTICA PÚBLICA
A9: Instrucciones de diligenciamiento PTEP
A10: Componentes y subcomponentes | B10: Los componentes y los subcomponentes se definien en el documento de formulación del Programa Transparencia y Ética Pública, puede contener la cantidad de actividades que estime el líder del componente, observando que aquellas que se formulen sean pertinentes y conducentes con la estrategia institucional de Lucha contra la corrupción.
A11: No / número | B11: Todas las actividades debe contar con numeración, en secuencia logica que relacione componente, subcomponente y acción a realizar. Como se ilustra en el siguiente ejemplo: Componente 1: Mapa de Riesgos, subcomponente 1: Política Administración de Riesgos, seguidamente de la númeración de la Acción: 1.1 Socializar la Politica de Administración de Riesgos del Ministerio del Deporte al interior de la entidad.
A12: Actividad | B12: Redactar y describir las acciones a relizar en lenguaje claro, con periodicidad de ejecución, producto esperado y en infinitivo (Ej. Redactar, instalar, divulgar, diligenciar, publicar, realizar, etc.)Eje: Mejorar el contenido de la pestaña Denuncias por Corrupción en la página Web para facilitar la lectura y la gestión de la ciudadanía.
A13: Meta o producto | B13: Definir cuantitativamente (numerico o porcentual) la cantidad que se logrará con la actividad o el producto que se espera obtener.Eje: Una (1) mejora del contenido en la pestaña de la página Web.
A14: Responsable | B14: Definir la o las dependencias que son líderes responsables de ejecutar o desarrollar la actividad.
A15: Responsable Dependencia Apoyo | B15: Definir la o las dependencias que apoyan en ejecutar o desarrollar la actividad.
A16: Recursos | B16: Identificar de manera general los recursos necesarios para el desarrollo de la actividad. Recursos: Humanos,Físicos,Tecnológicos, Financieros (En caso de requerir la acción propuesta de recursos de los proyectos de inversión, se sugiere incluirla dentro del Plan de acción para detallar el monto y programar los recursos del Proyecto: podría señalar el monto $ cantidad de recurso en número + proyecto de inversión que se afectaría ej. Fortalecimiento de la gestión y seguimiento institucional del Ministerio del Deporte)
A17: Indicador | B17: Se debe determinar la medida cuantitativa de acuerdo con la meta de la actividad. Eje: Número de Mejoras del contenido realizadas.
A18: Fecha de programación | B18: Definir las fechas en las cuales se desarrollará la actividad.
A19: Evaluación y Seguimiento
A20: Reporte (Primera Línea) | B20: Previa solicitud de la segunda linea de defensa (Oficina Asesora de Planeación) la dependencia responsable líder de la actividad, debe realizar la descripción de los avances o gestiones realizadas de manera cualitativa y cuantitativa, en el periodo del reporte, esto es, con corte a 30 de junio y 31 de diciembre de cada anualidad; donde también se debe mencionar los productos o metas logradas, así como las evidencias de lo señalado anteriormente. Ejemplo: Se realizó ajuste de las funciones 1, 2 y 9 de aseguramiento a cargo de la Oficina Asesora de Planeación; que se aprobaron en sesión del comité CICCI de 19 de enero de 2024; se visualiza en el siguiente enlace. Se realizó la convocatoria a este espacio mediante redes sociales de la Secretaría y con los dinamizadores locales y sus redes de ciudadanos en los territorios. Se publica sistematización en la página web de la institución.
A21: Monitoreo (Segunda Línea) | B21: La Oficina Asesora de Planeación debe describir las observaciones frente a los avances y/o gestiones registradas en los reportes, así como las sugerencias de mejora y/o alertas de cumplimiento.
A22: Seguimiento (Tercera Línea) | B22: La Oficina de Control Interno debe realizar el seguimiento del reporte del monitoreo aportado por la segunda Línea y valida los avances cualitativos y cuantitativos emitiendo observaciones, sugerencias de mejora y/o alertas de cumplimiento. La Oficina de Control Interno realiza evaluación de los seguimientos y monitoreos aportados por la segunda Línea, mediante Auditoría Interna, verifica los avances cualitativos y cuantitativos y emite hallazgos, observaciones, oportunidades de mejora y alertas de cumplimiento, según corresponda.

Sheet Componente 1
A1: PROGRAMA TRANSPARENCIA Y ÉTICA PUBLICA
A4: Componente 1: Administración de Riesgos | J4: Primer monitoreo - Primera Línea de Defensa | L4: Observaciones - Segunda Línea de Defensa | O4: Segundo monitoreo - Primera Línea de Defensa | Q4: Observaciones - Segunda Línea de Defensa | T4: Tercera Línea de Defensa
A5: Subcomponente | B5: No | C5: Acción | D5: Meta o producto | E5: Dependecia Responsable | F5: Dependencia de Apoyo | G5: Recursos | H5: Indicador | I5: Fecha de pogramación | J5: Avance cuantitativo | K5: Avance cualitativo | L5: Avance cuantitativo | M5: Avance cualitativo | N5: Observaciones | O5: Avance cuantitativo | P5: Avance cualitativo | Q5: Avance cuantitativo | R5: Avance cualitativo | S5: Observaciones | T5: Observaciones
A6: Subcomponente - Proceso 1: Política de Administración de Riesgos | B6: 1.1 | C6: Actualizar la Politica de Administración del Riesgo del Ministerio del Deporte de conformidad con los lineamientos establecidos por el DAFP y los aspectos relacionados en el Programa de Transparencia y Ética Pública | D6: Una politica de Administraciòn del Riesgo actualizada | E6: Oficina Asesora de Planeación | F6: Comité institucional de Coordinación de Control Interno | G6: Humano | H6: Nùmero de politicas de Administracón del Riesgo Actualizada | I6: 45960 | J6: 0 | L6: 0 | O6: 0 | Q6: 0
B7: 1.2 | C7: Realizar talleres de interiorización de la política de Administración de Riesgos con los líderes de proceso, gestores y demás funcionarios involucrados al interior del Ministerio del Deporte | D7: Tres (3) talleres de socialización de la politica de administración del Riesgo | E7: Oficina Asesora de Planeación | F7: Todos los procesos del Ministerio del Deporte | G7: Humano | H7: (Nùmero de talleres de interiorizaciòn de politica realizados / Número total de talleres programados de socializaciòn de polìtica de administración del riesgo) * 100 | I7: 46006 | J7: 0 | L7: 0 | O7: 0 | Q7: 0
A8: Subcomponente - Proceso 2: Construcción del Mapa de Riesgos de Corrupción | B8: 2.1 | C8: Realizar el diagnóstico de los aspectos requeridos para la adopción e implementación del Sistema de Administración del Riesgo de Lavado de Activos y de la Financiación del Terrorismo - SARLAFT en Mindeporte. | D8: Un informe diagnóstico para la implementación del sistema SARLAFT | E8: Oficina Asesora de Planeación | F8: Todos los procesos del Ministerio del Deporte | G8: Humano | H8: Número de informes diagnósticos sobre el sistema SARLAFT realizados en la vigencia | I8: 46006 | J8: 0 | L8: 0 | O8: 0 | Q8: 0
B9: 2.2 | C9: Brindar asesoria a los procesos del Ministerio del Deporte para ajustar y/o actualizar los Riesgos de Corrupción | D9: Dieciséis (16) asesorias de Riesgos de Corrupciòn | E9: Oficina Asesora de Planeación | F9: Todos los procesos del Ministerio del Deporte | G9: Humano | H9: (Número de asesorias realizadas con los procesos / Numero total de asesorias programadas sobre Riesgos de Corrupción) * 100 | I9: 45792 | J9: 0 | L9: 0 | O9: 0 | Q9: 0
A10: Subcomponente - Proceso 3: Consulta y Divulgación | B10: 3.1 | C10: Socializar mediante piezas comunicativas la información relevante relacionada con la gestión del Riesgo de la Entidad. | D10: Tres (3) piezas comunicativas socializadas | E10: Oficina Asesora de Planeación | F10: GIT Comunicaciones | G10: Humano | H10: (Número de piezas gráficas socializadas / Número total de piezas graficas programadas en la vigencia) * 100 | I10: 46006 | J10: 0 | L10: 0 | O10: 0 | Q10: 0
A11: Subcomponente - Proceso 4: Monitoreo o revisión | B11: 4.1 | C11: Realizar el monitoreo y el reporte de avances en la administración de los riesgos por proceso de la Entidad. | D11: Tres (3) monitoreos a los Mapas de riesgos de corrupción de cada proceso con el reporte de monitoreo cuatrimestral | E11: Oficina Asesora de Planeación | F11: Todos los procesos del Ministerio del Deporte | G11: Humano | H11: (Numero de monitoreo de mapas de riescos de corrupción reportados / Numero total de monitoreos cuatrimestrales programados ) * 100 | I11: 46006 | J11: 0 | L11: 0 | O11: 0 | Q11: 0
A12: Subcomponente -Proceso 5: Seguimiento | B12: 5.1 | C12: Realizar seguimiento cuatrimestral al mapa de riesgos de corrupción del Ministerio del Deporte - tercera línea de defensa y publicar el resultado en la página web institucional dentro de los diez (10) primeros días hábiles siguientes al periodo evaluado. | D12: Tres (3) Informes de seguimiento de la administración del riesgo - Matriz de Riesgos de Corrupción -MRC publicados | E12: Oficina de Control Interno | F12: Oficina Asesora de Planeación | G12: Equipo de Auditores de la OCI Equipos de Cómputo GESDOC Herramientas de trabajo colaborativo y en la nube | H12: Número de informes de seguimiento de la administración del riesgo MRC publicados | I12: 16/01/2025 15/05/2025 12/09/2025 | J12: 0 | L12: 0 | O12: 0 | Q12: 0
J13: =AVERAGE(J6:J12) -> 0 | L13: =AVERAGE(L6:L12) -> 0 | O13: =AVERAGE(O6:O12) -> 0 | Q13: =AVERAGE(Q6:Q12) -> 0

Sheet Componente 2
A1: PROGRAMA TRANSPARENCIA Y ÉTICA PUBLICA
A4: Componente 2: Medidas de debida diligencia | J4: Primer monitoreo - Primera Línea de Defensa | L4: Observaciones - Segunda Línea de Defensa | O4: Segundo monitoreo - Primera Línea de Defensa | Q4: Observaciones - Segunda Línea de Defensa | T4: Tercera Línea de Defensa
A5: Subcomponente | B5: No | C5: Acción | D5: Meta o producto | E5: Dependecia Responsable | F5: Dependencia de Apoyo | G5: Recursos | H5: Indicador | I5: Fecha de pogramación | J5: Avance cuantitativo | K5: Avance cualitativo | L5: Avance cuantitativo | M5: Avance cualitativo | N5: Observaciones | O5: Avance cuantitativo | P5: Avance cualitativo | Q5: Avance cuantitativo | R5: Avance cualitativo | S5: Observaciones | T5: Observaciones
A6: Subcomponente 1 Adecuación Institucional para cumplir con la Debida Diligencia | B6: 1.1 | C6: Realizar validación mediante la verificación del candidato a vincularce como funcionario en Listas Restrictivas para la prevención del Lavado de Activos y Financiación del Terrorismo | D6: Verificar el 100% de lo candidatos a vincular como funcionarios en listas restrictivas. | E6: GIT Talento Humano | F6: Oficina Asesora de Planeación | G6: Humanos y Tecnologícos. | H6: # de funcionarios vinculados verificados en listas R x 100 Total de funcionarios vinculados | I6: 46006 | J6: 0 | L6: 0 | O6: 0 | Q6: 0
A7: Subcomponente 2 Construcción de plan de trabajo para adaptar y/o desarrollar la Debida Diligencia | B7: 2.1 | C7: Realizar la validación de la contraparte que pretenda suscribir contratos con el Ministerio del Deporte, garantizando que no esten incluidos en las listas restrictivas de Lavado de Activos | D7: Verificar en las listas restrictivas de Lavado de Activos el 100% de los contratistas del Ministerio del Deporte | E7: GIT Contratación | F7: Secretaria General | G7: Humanos y Tecnologícos. | H7: (Numero de contratistas vericados en las listas restrictivas de lavados de Activos / Numero total de contratistas ) * 100 | I7: 46006 | J7: 0 | L7: 0 | O7: 0 | Q7: 0
A8: Subcomponente 3 Gestión de la Debida Diligencia | B8: 3.1 | C8: Realizar consulta a la OCID sobre los procesos en los que se han presentado denuncias de presuntos casos de corrupción. | D8: Tres (3) consultas realizadas a la OCID de procesos en los que se han presentado denuncias de presuntos casos de corrupción. | E8: Oficina de Control Interno | F8: Oficina de Control Interno Disciplinario | G8: Equipo de Auditores de la OCI Equipos de Cómputo GESDOC Herramientas de trabajo colaborativo y en la nube | H8: Número de consultas realizadas a la OCID de procesos en los que se han presentado denuncias de presuntos casos de corrupción. | I8: 29/08/2025 31/10/2025 30/12/2025 | J8: 0 | L8: 0 | O8: 0 | Q8: 0
B9: 3.2 | C9: Informar en las sesiones ordinarias del Comité Insitucional de Coordinación de Control Interno -CICCI el seguimiento de presuntos casos de corrupción. En caso de tenerse nuevas denuncias de asuntos no evaluados y no incluidos en el Plan Anual de Auditoría Interna -PAAI vigente, en el CICCI se presentará solicitud de modificación del Plan Anual de Auditoría, a fin evaluar la inclusión de Auditoría Especial para evaluación del componente jurídico y financiero del proceso que presenta la denuncia. | D9: Dos (2) informes presentados al CICCI, uno en cada sesión ordinaria, con respecto al seguimiento de presuntos casos de corrupción | E9: Oficina de Control Interno | F9: Integrantes del CICCI: Despacho Viceministerio Direcciones Técnicas Oficina Asesora Jurídica Oficina Asesora de Planeación Oficina de Control Interno Disciplinario | G9: Equipo de Auditores de la OCI Equipos de Cómputo GESDOC Herramientas de trabajo colaborativo y en la nube | H9: Número de informes presentados al CICCI, uno en cada sesión ordinaria, con respecto al seguimiento de presuntos casos de corrupción | I9: 31/01/2025 30/08/2025 | J9: 0 | L9: 0 | O9: 0 | Q9: 0
J10: =AVERAGE(J6:J9) -> 0 | L10: =AVERAGE(L6:L9) -> 0 | O10: =AVERAGE(O6:O9) -> 0 | Q10: =AVERAGE(Q6:Q9) -> 0

Sheet Componente 3
A1: PROGRAMA TRANSPARENCIA Y ÉTICA PUBLICA
A4: Componente 3: Participación Ciudadana y Rendición de Cuentas | J4: Primer monitoreo - Primera Línea de Defensa | L4: Observaciones - Segunda Línea de Defensa | O4: Segundo monitoreo - Primera Línea de Defensa | Q4: Observaciones - Segunda Línea de Defensa | T4: Tercera Línea de Defensa
A5: Subcomponente | B5: No | C5: Acción | D5: Meta o producto | E5: Dependecia Responsable | F5: Dependencia de Apoyo | G5: Recursos | H5: Indicador | I5: Fecha de pogramación | J5: Avance cuantitativo | K5: Avance cualitativo | L5: Avance cuantitativo | M5: Avance cualitativo | N5: Observaciones | O5: Avance cuantitativo | P5: Avance cualitativo | Q5: Avance cuantitativo | R5: Avance cualitativo | S5: Observaciones | T5: Observaciones
A6: Subcomponente 1 Planeación de la estrategia de Relacionamiento con el ciudadadano y condiciones para la promoción de la participación ciudadana | B6: 1.1 | C6: Realizar la caracterización de ciudadanos y grupos de interés del Ministerio del Deporte | D6: Un documento de caracterización de ciudadanos y grupos de interés del Ministerio del Deporte | E6: Servicio Integral al Ciudadano | F6: Dependencias involucradas | G6: Humano | H6: Porcentaje de avance en las actividades para el desarrollo de la caracterización de ciudadanos y grupos de interés del Ministerio del Deporte | I6: 45960 | J6: 0 | L6: 0 | O6: 0 | Q6: 0
B7: 1.2 | C7: Establecer la programación de espacios de participación ciudadana y rendición de cuentas durante la vigencia | D7: Una programación Institucional de espacios de participación ciudadana y rendición de cuentas vigencia 2025 publicada en la página web de la entidad | E7: Servicio Integral al Ciudadano | F7: Dependencias involucradas | G7: Humano | H7: Porcentaje de avance en las actividades para la elaboración de la programación institucional de espacios de participación ciudadana y rendicipon de cuentas | I7: 45762 | J7: 0 | L7: 0 | O7: 0 | Q7: 0
A8: Subcomponente 2 Gestión del Relacionamiento con el ciudadano y promoción de la participación ciudadana | B8: 2.1 | C8: Promover la cualificación de la ciudadanía en los procesos de participación ciudadana y control social a la gestión pública. | D8: Un (1) curso promocionado de participación ciudadana | E8: Servicio Integral al Ciudadano | F8: Oficina Asesora de Planeación - Escuela Virtual del Deporte | G8: Humano - Tecnológicos | H8: Aumento del 10% de los partipantes que aprueban el curso con respecto a la vigencia anterior | I8: 45976 | J8: 0 | L8: 0 | O8: 0 | Q8: 0
B9: 2.2 | C9: Publicar en la página web del Ministerio del Deporte el proyecto de agenda regulatoria de la entidad previsto para la vigencia 2026. | D9: Una (1) Publicación realizada en la página web. | E9: Oficina Asesora Juridica | F9: GIT Comunicaciones | G9: Humano - Tecnológicos | H9: Número de publicaciones realizadas en la página web | I9: 45961 | J9: 0 | L9: 0 | O9: 0 | Q9: 0
A10: Subcomponente 3 Informar avances y resultados de la gestión con calidad y en lenguaje comprensible | B10: 3.1 | C10: Formular y ejecutar la Estrategia de Comunicaciones para la Rendición de Cuentas 2025 | D10: Una estrategia de comunicaciones formulada e implementada | E10: GIT Comunicaciones | F10: Dependencias involucradas | G10: Humano - Tecnológicos | H10: Número de actividades de la estrategia ejecutadas/total de actividades de la estrategia planteadas | I10: 45976 | J10: 0 | L10: 0 | O10: 0 | Q10: 0
B11: 3.2 | C11: Realizar campaña de comunicación para la interiorización de los conceptos de la participación ciudadana y la rendición de cuentas | D11: 10 piezas de comunicación | E11: Servicio Integral al Ciudadano | F11: GIT Comunicaciones | G11: Humano | H11: Número de piezas de comunicación realizadas | I11: 45991 | J11: 0 | L11: 0 | O11: 0 | Q11: 0
B12: 3.3 | C12: Revisar y actualizar el Menú Participa de acuerdo a los lineamientos de la resolución 1519 de 2020 | D12: Alcanzar el 88% de cumplimiento de los criterios definidos en el MenúPparticipa | E12: Servicio Integral al Ciudadano | F12: Oficina Asesora de Planeación | G12: Humano | H12: (Número de criterios definidos para el menú participa cumplidos en la vigencia / Numero de criterios definidos del Menú Participa que le aplican a la entidad) * 100 | I12: 45991 | J12: 0 | L12: 0 | O12: 0 | Q12: 0
A13: Subcomponente 4. Desarrollar escenarios de diálogo de doble vía con la ciudadanía y sus organizaciones | B13: 4.1 | C13: Ejecutar y hacer seguimiento a la programación de espacios de participación ciudadana y rendición de cuentas durante la vigencia. | D13: Dos (2) informes de seguimiento a la programación de espacios de participación ciudadana y rendición de cuentas durante la vigencia. | E13: Dependencias involucradas | F13: Servicio Integral al Ciudadano | G13: Humano | H13: Porcentaje de ejecución de los espacios de participación ciudadana | I13: 30/06/2025 30/11/2025 | J13: 0 | L13: 0 | O13: 0 | Q13: 0
A14: Subcomponente 5 Responder a compromisos propuestos, evaluación y retroalimentación en los ejercicios de rendición de cuentas | B14: 5.1 | C14: Informar a la ciudadanía los avances de los ejercicios y compromisos adquiridos por la Entidad en los espacios de participación ciudadana y rendición de cuentas | D14: Publicación de los informes de los ejercicicios de participación y rendición de cuentas realizados de manera trimestral | E14: Servicio Integral al Ciudadano | F14: Dependencias involucradas | G14: Humano | H14: Número de publicaciones trimestrales | I14: 46006 | J14: 0 | L14: 0 | O14: 0 | Q14: 0
B15: 5.2 | C15: Realizar la evaluación de las actividades suscritas en el Plan de Transparencia y Ética Pública -PTEP 2025 | D15: Un (1) informe de Auditoría Interna del PTEP 2025 | E15: Oficina de Control Interno | F15: Oficina Asesora de Planeación | G15: Equipo de Auditores de la OCI Equipos de Cómputo GESDOC Herramientas de trabajo colaborativo y en la nube | H15: Número de informes de Auditoría Interna PTEP 2025 | I15: 46006 | J15: 0 | L15: 0 | O15: 0 | Q15: 0
J16: =AVERAGE(J6:J15) -> 0 | L16: =AVERAGE(L6:L15) -> 0 | O16: =AVERAGE(O6:O15) -> 0 | Q16: =AVERAGE(Q6:Q15) -> 0

Sheet Componente 4
A1: PROGRAMA TRANSPARENCIA Y ÉTICA PUBLICA
A4: Componente 4: Transparencia y acceso a la información | J4: Primer monitoreo - Primera Línea de Defensa | L4: Observaciones - Segunda Línea de Defensa | O4: Segundo monitoreo - Primera Línea de Defensa | Q4: Observaciones - Segunda Línea de Defensa | T4: Tercera Línea de Defensa
A5: Subcomponente | B5: No | C5: Acción | D5: Meta o producto | E5: Dependecia Responsable | F5: Dependencia de Apoyo | G5: Recursos | H5: Indicador | I5: Fecha de pogramación | J5: Avance cuantitativo | K5: Avance cualitativo | L5: Avance cuantitativo | M5: Avance cualitativo | N5: Observaciones | O5: Avance cuantitativo | P5: Avance cualitativo | Q5: Avance cuantitativo | R5: Avance cualitativo | S5: Observaciones | T5: Observaciones
A6: Subcomponente 1 Lineamientos de Transparencia Activa | B6: 1.1 | C6: Revisar los micrositios de transparencia y promover las actualizaciones necesarias para el cumplimiento de los criterios de accesibilidad de la resolución 1519 de 2020 | D6: Un reporte del Indice de Transparencia y Acceso a la información en el aplicativo dispuesto por la Procuraduría General de la Nación | E6: Servicio Integral al Ciudadano | F6: Dependencias involucradas que tengan información a cargo | G6: Humanos, Tecnológicos | H6: Número de reportes realizados | I6: 45991 | J6: 0 | L6: 0 | O6: 0 | Q6: 0
B7: 1.2 | C7: Promover la importancia de la Transparencia y el acceso de la información a través de la cualificación a los enlaces de cada una de la dependencias. | D7: Dos (2) actividades de capacitación a los enlaces de las dependencias | E7: Servicio Integral al Ciudadano | F7: Dependencias involucradas que tengan información a cargo | G7: Humanos | H7: Número de actividades de capacitación realizadas | I7: 45976 | J7: 0 | L7: 0 | O7: 0 | Q7: 0
B8: 1.3 | C8: Medir la percepción de la calidad y usabilidad de la información | D8: Dos (2) informes de medición | E8: Servicio Integral al Ciudadano | F8: GIT Comunicaciones | G8: Humanos | H8: Número de informes de medición realizados | I8: 45976 | J8: 0 | L8: 0 | O8: 0 | Q8: 0
B9: 1.4 | C9: Socializar a los grupos de valor la actualidad juridica del Ministerio del Deporte | D9: Dos (2) boletines jurídicos publicados en la intranet y en la pagina web. | E9: Oficina Asesora Juridica | F9: GIT Comunicaciones | G9: Humanos, Tecnológicos | H9: Número de boletines juridicos publicados | I9: 15/07/2025 30/11/2025 | J9: 0 | L9: 0 | O9: 0 | Q9: 0
B10: 1.5 | C10: Socializar a la ciudadania por medio de piezas divulgativas las acciones prohibidas descritas en la ley 1445 de 2011. | D10: Dos (2) Piezas divulgadas | E10: Oficina Asesora Juridica | F10: GIT Comunicaciones | G10: Humanos, Tecnológicos | H10: Número de piezas divulgadas | I10: 15/04/2025 30/11/2025 | J10: 0 | L10: 0 | O10: 0 | Q10: 0
A11: Subcomponente 2 Lineamientos de Transparencia Pasiva | B11: 2.1 | C11: Implementar mejoras al sistema de gestión documental que contribuya a la adecuada gestión y seguimiento de peticiones, quejas, reclamos denuncias, trámites y OPAS | D11: Una (1) mejora implementada | E11: Servicio Integral al Ciudadano | F11: TICS | G11: Humanos, Tecnológicos | H11: Número de mejoras implementadas | I11: 45976 | J11: 0 | L11: 0 | O11: 0 | Q11: 0
B12: 2.2 | C12: Publicar la carta del trato digno | D12: Un (1) documento publicado en la sede electrónica | E12: Servicio Integral al Ciudadano | F12: GIT Comunicaciones | G12: Humanos | H12: Número de documentos publicados | I12: 45716 | J12: 0 | L12: 0 | O12: 0 | Q12: 0
A13: Subcomponente 3 Elaboración los Instrumentos de Gestión de la Información | B13: 3.1 | C13: Revisar, actualizar y divulgar el procedimiento interno de Transparencia y acceso a la información y sus documentos asociados con los lineamientos del PTEP | D13: Un procedimiento actualizado y divulgado | E13: Servicio Integral al Ciudadano | F13: Dependencias productoras de información GIT Comunicaciones GIT Tics GIT Gestión Administrativa / Gestión Documental | G13: Humanos | H13: Número de procedimientos actualizados | I13: 45991 | J13: 0 | L13: 0 | O13: 0 | Q13: 0
B14: 3.2 | C14: Actualizar y publicar el registros o inventario de activos de información según los procedimientos, lineamientos, valoración y tiempos definidos en el Programa de Gestión Documental | D14: Una matriz de activos de información actualizada y publicada | E14: Gestión administrativa | F14: Todas las dependencias | G14: Humanos | H14: Número de matrices actualizadas y publicadas | I14: 45869 | J14: 0 | L14: 0 | O14: 0 | Q14: 0
B15: 3.3 | C15: Actualizar y publicar Indice de información clasificada y reservada del Ministerio del Deporte | D15: Una matriz de Indice de información clasificada y reservada actualizada y publicada | E15: Gestión administrativa | F15: Oficina Asesora Jurídica | G15: Humanos | H15: Número de matrices actualizadas y publicadas | I15: 45869 | J15: 0 | L15: 0 | O15: 0 | Q15: 0
B16: 3.4 | C16: Actualizar y publicar esquema de publicación de información del Ministerio del Deporte | D16: Una matriz de Esquema de publicación de información actualizada y publicada | E16: Servicio Integral al Ciudadano | F16: Comunicaciones y dependencias productoras de información | G16: Humanos | H16: Número de matrices actualizadas y publicadas | I16: 45838 | J16: 0 | L16: 0 | O16: 0 | Q16: 0
A17: Subcomponente 4. Criterio diferencial de accesibilidad. | B17: 4.1 | C17: Formular, ejecutar y evaluar dentro del Plan Integral de Capacitación una oferta educativa para los funcionarios en lenguaje claro. | D17: Hacer seguimiento al cumplimiento de las las 3 acciones "Formular, ejecutar y evalua", establecidas dentro del PIC | E17: GIT Talento Humano | F17: Todos los Procesos | G17: Humanos y Tecnologicos | H17: # de acciones ejecutadas x 100 total acciones programadas | I17: 45991 | J17: 0 | L17: 0 | O17: 0 | Q17: 0
B18: 4.2 | C18: Formular, ejecutar y evaluar dentro del Plan Integral de Capacitación una oferta educativa para los funcionarios en Lengua de Señas Colombiana, con el propósito de desarrollar destrezas y habilidades para contribuir a una atención inclusiva. | D18: Hacer seguimiento al cumplimiento de las las 3 acciones "Formular, ejecutar y evalua", establecidas dentro del PIC | E18: GIT Talento Humano | F18: Todos los Procesos | G18: Humanos y Tecnologicos | H18: # de acciones ejecutadas x 100 total acciones programadas | I18: 45991 | J18: 0 | L18: 0 | O18: 0 | Q18: 0
B19: 4.3 | C19: Promoveer la participación de los funcionarios y contratistas, en la capacitación virtual " Discapacidad e inclusión laboral - Pacto productividad" establecida por la Función Pública | D19: 3 Piezas comunicativas difundidas de promoción del curso virtual | E19: GIT Talento Humano | F19: Todos los Procesos | G19: Humanos y Tecnologicos | H19: # de piezas comunicativas realizadas y difundidas x 100 total de piezas comunicativas difundidas programadas | I19: 31/04/2025 31/08/2025 31/12/2025 | J19: 0 | L19: 0 | O19: 0 | Q19: 0
A20: Subcomponente 5 Monitoreo del Acceso a la Información Pública | B20: 5.1 | C20: Realizar la evaluación de los componentes de la matriz ITA -PTEP 2025 | D20: Un (1) informe de Seguimiento ITA | E20: Oficina de Control Interno | F20: GIT Comunicaciones GIT TICs | G20: Equipo de Auditores de la OCI Equipos de Cómputo GESDOC Herramientas de trabajo colaborativo y en la nube | H20: Número de informes de Seguimiento ITA | I20: 46006 | J20: 0 | L20: 0 | O20: 0 | Q20: 0
B21: 5.2 | C21: Realizar seguimiento y monitoreo a la información mínima que se debe publicar en la sección de transparencia y acceso a la información pública de acuerdo a lo definido en la ley 1712 de 2014 y sus decretos reglamentarios | D21: Veinte (20) reuniones de seguimiento | E21: Comunicaciones | F21: Servicio Integral al Ciudadano | G21: Humanos | H21: (Número de sesiones de seguimiento realizadas / Número de sesiones de seguimiento programadas)*100 | I21: 30/06/2025 30/11/2025 | J21: 0 | L21: 0 | O21: 0 | Q21: 0
J22: =AVERAGE(J6:J21) -> 0 | L22: =AVERAGE(L6:L21) -> 0 | O22: =AVERAGE(O6:O21) -> 0 | Q22: =AVERAGE(Q6:Q21) -> 0

Sheet Componente 5
A1: PROGRAMA TRANSPARENCIA Y ÉTICA PUBLICA
A4: Componente 5. Estado Abierto | J4: Primer monitoreo - Primera Línea de Defensa | L4: Observaciones - Segunda Línea de Defensa | O4: Segundo monitoreo - Primera Línea de Defensa | Q4: Observaciones - Segunda Línea de Defensa | T4: Tercera Línea de Defensa
A5: Subcomponente | B5: No | C5: Acción | D5: Meta o producto | E5: Dependecia Responsable | F5: Dependencia de Apoyo | G5: Recursos | H5: Indicador | I5: Fecha de pogramación | J5: Avance cuantitativo | K5: Avance cualitativo | L5: Avance cuantitativo | M5: Avance cualitativo | N5: Observaciones | O5: Avance cuantitativo | P5: Avance cualitativo | Q5: Avance cuantitativo | R5: Avance cualitativo | S5: Observaciones | T5: Observaciones
A6: 1. Apertura de datos para los ciudadanos y grupos de interés | B6: 1.1 | C6: Realizar un diagnóstico para identificar y priorizar los conjuntos de datos relevantes para los ciudadanos y grupos de interés. | D6: Informe del diagnóstico y listado de conjuntos de datos priorizados | E6: GIT TICs | F6: Direcciones Misionales del Ministerio. | G6: Humano | H6: Numero de conjunto de datos identificado/ Numero de conjuntos de datos priorizados *100 | I6: 45899 | J6: 0 | L6: 0 | O6: 0 | Q6: 0
B7: 1.2 | C7: Limpiar y normalizar los conjuntos de datos priorizados para garantizar su calidad y precisión. | D7: informe de Datos limpios y normalizados | E7: GIT TICs | F7: GIT TICs | G7: Humano | H7: Conjuntos de datos limpios y normalizados / Conjuntos de datos priorizados *100 | I7: 31/09/2025 | J7: 0 | L7: 0 | O7: 0 | Q7: 0
B8: 1.3 | C8: Clasificar y etiquetar los datos para facilitar su búsqueda y uso. | D8: Informe de los datos clasificados y etiquetados | E8: GIT TICs | F8: GIT TICs | G8: Humano | H8: Numero de conjuntos de datos clasificados y etiquetados / Numero Total de conjuntos de datos identificados * 100 | I8: 45960 | J8: 0 | L8: 0 | O8: 0 | Q8: 0
B9: 1.4 | C9: Desarrollar metadatos para proporcionar contexto y facilitar la comprensión de los datos | D9: informe de los metadatos desarrollados | E9: GIT TICs | F9: GIT TICs | G9: Humano | H9: Numero de conjuntos de datos con metadatos desarrollados / Numero total de conjuntos de datos identificado * 100 ​ | I9: 31/11/2025 | J9: 0 | L9: 0 | O9: 0 | Q9: 0
B10: 1.5 | C10: Evaluar la seguridad y privacidad de los datos para evitar la divulgación de información sensible | D10: Informe con la evaluación de seguridad completada | E10: GIT TICs | F10: GIT TICs | G10: Humano | H10: Numero de no conformidades resueltas /Numero total de no conformiddes detectadas * 100 | I10: 46021 | J10: 0 | L10: 0 | O10: 0 | Q10: 0
B11: 1.6 | C11: Presentar los conjuntos de datos priorizados para su aprobacion al comité institucional de gestion y desempeño | D11: Informe preliminar con el conjunto de datos aprobado. | E11: GIT TICs | F11: GIT TICs comité institucional de gestion y desempeño | G11: Humano | H11: Numero de conjuntos de datos presentados al comité / Numero de conjuntos de datos aprobados por el comité * 100 | I11: 46022 | J11: 0 | L11: 0 | O11: 0 | Q11: 0
A12: 2. Entrega de información en lenguaje sencillo que de cuenta de la gestión institucional | B12: 2.1 | C12: Elaborar una campaña para el fortecimiento del lenguaje incluyente con enfoque diferencial | D12: Una campaña elaborada y divulgada | E12: GIT Comunicaciones | F12: GIT Servicio Integral al Ciudadano | G12: Humano | H12: porcentaje de implementacion | I12: 46172 | J12: 0 | L12: 0 | O12: 0 | Q12: 0
A13: 3. Apertura de la información presupuestal institucional y de resultados | B13: 3.1 | C13: Revision de la estandarizacion de la estrucutura donde se esta reportando la informacion para datos abiertos. | D13: informe de la revision realizada a la estructura de los reportes de los datos | E13: GIT TICs - GIT Gestion Presupuestal | F13: GIT Gestion Presupuestal | G13: Humano | H13: Numero total de datos identificado / Numero total de datos identificado para apertura * 100 | I13: 45777 | J13: 0 | L13: 0 | O13: 0 | Q13: 0
B14: 3.2 | C14: Verificar si se deben aperturar en datos.gov.co | D14: Informe del los datos identificado a aperturar | E14: GIT TICs - GIT Gestion Presupuestal | F14: GIT Gestion Presupuestal | G14: Humano | H14: Numero de datos a aperturar / Numero de datos aperturados * 100 | I14: 45807 | J14: 0 | L14: 0 | O14: 0 | Q14: 0
B15: 3.3 | C15: Presentacion de los datos revisado para su publicacion | D15: Informe de los datos revisado para su publicacion | E15: GIT TICs - GIT Gestion Presupuestal | F15: GIT Presupuesto - comité de desempeño. | G15: Humano | H15: Numero de total de informes total programado en la vigencia / Numero total de informes publicados *100 | I15: 45807 | J15: 0 | L15: 0 | O15: 0 | Q15: 0
A16: 4. Estandarización de datos abiertos para intercambio de información | B16: 4.1 | C16: Identificar y seleccionar los estándares nacionales e internacionales más adecuados para la estandarización de datos abiertos | D16: Listado de estándares seleccionados | E16: GIT TICs | F16: Oficina Asesora Juridica. | G16: Humano | H16: Numero de datos abiertos identificados / Total de datos estandarizados | I16: 31/09/2025 | J16: 0 | L16: 0 | O16: 0 | Q16: 0
B17: 4.2 | C17: Desarrollar una guía de estandarización de datos abiertos que incluya las mejores prácticas y procedimientos | D17: Guía de estandarización desarrollada | E17: GIT TICs | F17: GIT TICs | G17: Humano | H17: Nuemro de Guía desarrollada / Numero de Guia Publicada * 100 | I17: 31/09/2025 | J17: 0 | L17: 0 | O17: 0 | Q17: 0
B18: 4.3 | C18: Capacitar al personal de la organización en la guía de estandarización y en el uso de los estándares seleccionados | D18: programar y ejecutar una capacitacion de la guia diseñada para la estandarizacion de los datos abiertos | E18: GIT TICs | F18: GIT TICs | G18: Humano | H18: Numero total de capaciones programada / No total de capacitaciones ejecutadas * 100 | I18: 45961 | J18: 0 | L18: 0 | O18: 0 | Q18: 0
B19: 4.4 | C19: Implementar los estándares de datos abiertos en los procesos de recopilación, almacenamiento y publicación de datos | D19: informe del procesos estandarizados implementados | E19: GIT TICs | F19: GIT TICs | G19: Humano | H19: No total de estandares para datos abierto implementados / Numero total de estandares para datos abierto idententificados * 100 | I19: 46021 | J19: 0 | L19: 0 | O19: 0 | Q19: 0
J20: =AVERAGE(J6:J19) -> 0 | L20: =AVERAGE(L6:L19) -> 0 | O20: =AVERAGE(O6:O19) -> 0 | Q20: =AVERAGE(Q6:Q19) -> 0

Sheet Componente 6
A1: PROGRAMA TRANSPARENCIA Y ÉTICA PUBLICA
A4: Componente 6: Legalidad e Integridad y conflicto de intereses | J4: Primer monitoreo - Primera Línea de Defensa | L4: Observaciones - Segunda Línea de Defensa | O4: Segundo monitoreo - Primera Línea de Defensa | Q4: Observaciones - Segunda Línea de Defensa | T4: Tercera Línea de Defensa
A5: Subcomponente | B5: No | C5: Acción | D5: Meta o producto | E5: Dependecia Responsable | F5: Dependencia de Apoyo | G5: Recursos | H5: Indicador | I5: Fecha de pogramación | J5: Avance cuantitativo | K5: Avance cualitativo | L5: Avance cuantitativo | M5: Avance cualitativo | N5: Observaciones | O5: Avance cuantitativo | P5: Avance cualitativo | Q5: Avance cuantitativo | R5: Avance cualitativo | S5: Observaciones | T5: Observaciones
A6: Subcomponente 1 Programas de gestión de integridad | B6: 1.1 | C6: Estabecer un Plan de Trabajo encaminado al cumplimiento de la Política y el Codigo de Integridad. | D6: Un Plan de Trabajo de la implementación de la Política de Integridad ejecutado al 80% | E6: GIT Talento Humano | F6: Todos los procesos | G6: Humanos y Tecnologicos | H6: # de actividades ejecutadas del Plan x100 # de actividades programadas del Plan | I6: 45641 | J6: 0 | L6: 0 | O6: 0 | Q6: 0
A7: Subcomponente 2 Promoción de la integridad en las institucionas y grupos de interés | B7: 2.1 | C7: Realizar sensibilizaciones que permitan la apropiación de los valores del codigo de integridad en funcionarios y contratistas, por medio de pautas o comunicaciones internas. | D7: 3 sensibilizaciones realizadas en el año frente a los valores del código de integridad | E7: GIT Talento Humano | F7: Todos los procesos | G7: Humanos, Tecnologicos y economicos | H7: # de sensibilizaciones realizadas x 100 total de sensibilizaciones programadas | I7: 31/04/2025 31/08/2025 31/12/2025 | J7: 0 | L7: 0 | O7: 0 | Q7: 0
A8: Subcomponente 3 Participación en las estrategias de integridad | B8: 3.1 | C8: Promoveer la participación de los funcionarios y contratistas, en la capacitación virtual " Integridad, Transparencia y Lucha contra la Corrupción" establecida por la Función Pública | D8: 3 Piezas comunicativas difundidas de promoción del curso virtual | E8: GIT Talento Humano | F8: Todos los procesos | G8: Humanos y Tecnologicos | H8: # de piezas comunicativas realizadas y difundidas x 100 total de piezas comunicativas difundidas programadas | I8: 31/04/2025 31/08/2025 31/12/2025 | J8: 0 | L8: 0 | O8: 0 | Q8: 0
A9: Subcomponente 4. Gestión preventiva de conflictos de interés | B9: 4.1 | C9: Formular, aprobar y socializar la Política de Integridad en la Entidad | D9: Política de Integridad con las 3 acciones ejecutadas "formulada, aprobada y socializada" | E9: GIT Talento Humano | F9: Oficina Asesora de Planeación | G9: Humanos y Tecnologicos | H9: # de acciones ejecutadas x 100 total acciones programadas | I9: 45838 | J9: 0 | L9: 0 | O9: 0 | Q9: 0
B10: 4.2 | C10: Realizar seguimiento continuo a la publicación de los conflictos de interes de los funcionarios públicos en la plataforma SIGEP. | D10: Presentar 3 informes de seguimiento del registro de los Conflictos de Interes de los funcionarios, al Coordinador del GIT de talento Humano | E10: GIT Talento Humano | F10: Todos los procesos | G10: Humanos y Tecnologicos | H10: # de informes presentados x 100 total informes programados | I10: 31/04/2025 31/08/2025 31/12/2025 | J10: 0 | L10: 0 | O10: 0 | Q10: 0
A11: Subcomponente 5 Gestión prácticas antisoborno, antifraude | B11: 5.1 | C11: Realizar campañas de practicas antisoborno y antifraude, "Tolerancia Cero a la Corrupción" dirigidas al personal mediante piezas comunicativas internas, entre otros. | D11: 3 sensibilizaciones realizadas en el año frente a la "Tolerancia Cero a la Corrupción" | E11: GIT Talento Humano | F11: Todos los procesos | G11: Humanos, Tecnologicos y economicos | H11: # de sensibilizaciones realizadas. X 100 Total de sensibilizaciones programadas | I11: 31/04/2025 31/08/2025 31/12/2025 | J11: 0 | L11: 0 | O11: 0 | Q11: 0
J12: =AVERAGE(J6:J11) -> 0 | L12: =AVERAGE(L6:L11) -> 0 | O12: =AVERAGE(O6:O11) -> 0 | Q12: =AVERAGE(Q6:Q11) -> 0

Sheet Componente 7
A1: PROGRAMA TRANSPARENCIA Y ÉTICA PUBLICA
A4: Componente 7: Redes Institucionales y Canales de Denuncia | J4: Primer monitoreo - Primera Línea de Defensa | L4: Observaciones - Segunda Línea de Defensa | O4: Segundo monitoreo - Primera Línea de Defensa | Q4: Observaciones - Segunda Línea de Defensa | T4: Tercera Línea de Defensa
A5: Subcomponente | B5: No | C5: Acción | D5: Meta o producto | E5: Dependecia Responsable | F5: Dependencia de Apoyo | G5: Recursos | H5: Indicador | I5: Fecha de pogramación | J5: Avance cuantitativo | K5: Avance cualitativo | L5: Avance cuantitativo | M5: Avance cualitativo | N5: Observaciones | O5: Avance cuantitativo | P5: Avance cualitativo | Q5: Avance cuantitativo | R5: Avance cualitativo | S5: Observaciones | T5: Observaciones
A6: Subcomponente 1 Fortalecimiento canales de atención presencial, telefónico, virtual y escrito | B6: 1.1 | C6: Elaborar y difundir guía para el manejo de las denuncias por corrución contra funcionarios y contratistas del Ministerio que interponga la ciudadanía a través de los canales existentes | D6: Documento elaborado y difundido | E6: Servicio Integral al ciudadano | F6: Comunicaciones | G6: Humano | H6: Documento guía elaborado | I6: 45838 | J6: 0 | L6: 0 | O6: 0 | Q6: 0
A7: Subcomponente 2 Relación con el ciudadano y la cultura de la Legalidad | B7: 2.1 | C7: Realizar informe estadístico de denuncias sobre presuntos actos de corrupción al interior del Ministerio del Deporte | D7: Dos informes estadísticos publicados | E7: GIT Servicio Integral al ciudadano | F7: Oficina Control Interno Disciplinario | G7: Humano | H7: Número de informes realizados y publicados / Número de informes programados X 100 | I7: 45991 | J7: 0 | L7: 0 | O7: 0 | Q7: 0
A8: Subcomponente 3 Redes institucionales para el fortalecimiento de la prevención de actos de corrupción, transparencia, y legalidad | B8: 3.1 | C8: Construir un protocolo que recoja buenas prácticas institucionales, que lleven a la prevención de actos de corrupción, transparencia y legalidad, para su divulgación | D8: Protocolo con las 2 acciones establecidas (elaborado y difundido) | E8: GIT Talento Humano | F8: Comunicaciones | G8: Humanos y Tecnologícos. | H8: # de acciones ejecutadas x 100 total acciones programadas | I8: 45884 | J8: 0 | L8: 0 | O8: 0 | Q8: 0
A9: Subcomponente 4. Iniciativas de articulación institucional con redes externas | B9: 4.1 | C9: Participar en encuentros de intercambio de mejores prácticas, experiencias y metodologías en la identificación de casos de buenas prácticas de estrategias de anticorrupción y las diferentes formas de erradicarlas. | D9: Generar dos (2) encuentros de intercambio de experiencia de buenas prácticas. | E9: Oficina de Control Interno | G9: Humanos | H9: (Número de encuentros participados / Número total de encuentros programados) x 100. | I9: 46006 | J9: 0 | L9: 0 | O9: 0 | Q9: 0
J10: =AVERAGE(J6:J9) -> 0 | L10: =AVERAGE(L6:L9) -> 0 | O10: =AVERAGE(O6:O9) -> 0 | Q10: =AVERAGE(Q6:Q9) -> 0

Sheet Componente 8
A1: PROGRAMA TRANSPARENCIA Y ÉTICA PUBLICA
A4: Componente 8: Iniciativas Adicionales | J4: Primer monitoreo - Primera Línea de Defensa | L4: Observaciones - Segunda Línea de Defensa | O4: Segundo monitoreo - Primera Línea de Defensa | Q4: Observaciones - Segunda Línea de Defensa | T4: Tercera Línea de Defensa
A5: Subcomponente | B5: No | C5: Acción | D5: Meta o producto | E5: Dependecia Responsable | F5: Dependencia de Apoyo | G5: Recursos | H5: Indicador | I5: Fecha de pogramación | J5: Avance cuantitativo | K5: Avance cualitativo | L5: Avance cuantitativo | M5: Avance cualitativo | N5: Observaciones | O5: Avance cuantitativo | P5: Avance cualitativo | Q5: Avance cuantitativo | R5: Avance cualitativo | S5: Observaciones | T5: Observaciones
A6: Iniciativas Adicionales | B6: 1.1 | C6: Realizar actividades preventivas a través de la publicación o socialización de referencias disciplinarias sobre el tema conflicto de intereses | D6: Dos (2) referencias disciplinarias publicadas o socializadas | E6: Oficina de Control Interno Disciplinario | F6: GIT Talento Humano | G6: Recurso Humano Recursos Tecnologicos | H6: Número de referencias disciplinarias publicadas o socializadas | I6: 31/05/2025 30/06/2025 | J6: 0 | L6: 0 | O6: 0 | Q6: 0
B7: 1.2 | C7: Realizar actividades preventivas a través de capacitaciones sobre el tema conflicto de intereses | D7: Dos (2) capacitaciones sobre el tema conflicto de interes | E7: Oficina de Control Interno Disciplinario | F7: GIT Talento Humano | G7: Recurso Humano Recursos Tecnologicos | H7: Número de capacitaciones realizadas | I7: 31/05/2025 30/06/2025 | J7: 0 | L7: 0 | O7: 0 | Q7: 0
B8: 1.3 | C8: Informar al GIT Talento Humano el número de investigaciones disciplinarias que se adelantan en la OCID por presunto conflicto de intereses(INSUMO POLÍTICA DE INTEGRIDAD) | D8: Un (1) informe con el número de investigaciones disciplinarias que se adelantan en la OCID por presunto conflicto de intereses | E8: Oficina de Control Interno Disciplinario | F8: GIT Talento Humano | G8: Recurso Humano Recursos Tecnologicos | H8: Número de informes presentados | I8: 45991 | J8: 0 | L8: 0 | O8: 0 | Q8: 0
B9: 1.4 | C9: Dar a conocer a los funcionarios y contratistas del Ministerio del Deporte la disposición de la Oficina Asesora Jurídica para brindar asesoría sobre temas relacionados con conflicto de interes y/o interpretación de la normatividad que regula dicho tema. | D9: Tres (3) Piezas divulgadas | E9: Oficina Asesora Juridica | F9: GIT Comunicaciones | G9: Humano, Tecnologicos | H9: Número de piezas divulgadas | I9: 15/04/2025 15/05/2025 30/11/2025 | J9: 0 | L9: 0 | O9: 0 | Q9: 0
B10: 1.5 | C10: Realizar seguimiento continuo a la publicación de los conflictos de interes de los funcionarios públicos en la plataforma SIGEP. | D10: Tres informes de Seguimiento | E10: GIT Talento Humano | F10: Todos los Procesos | G10: Humano, Tecnologicos | H10: Informes de Seguimiento | I10: 15/04/2025 15/08/2025 30/11/2025 | J10: 0 | L10: 0 | O10: 0 | Q10: 0
B11: 1.6 | C11: Realizar seguimiento mensual al cumplimiento del requisito de la ley 2013 de 2019 por parte de los funcionarios obligados a su cumplimento | D11: 3 informes de seguimiento del registro de los Conflictos de Interes de los funcionarios, presentados al Coordinador del GIT de talento Humano | E11: GIT Talento Humano | F11: Todos los procesos | G11: Humano, Tecnologicos | H11: # de informes presentados x 100 total informes programados | I11: 31/04/2025 31/08/2025 31/12/2025 | J11: 0 | L11: 0 | O11: 0 | Q11: 0
B12: 1.7 | C12: Identificar trámites a racionalizar por el Ministerio del Deporte, acorde a los lineamientos definidos y en cumplimiento a la Ley 2052 de 2020. | D12: Un (1) informe que de cuenta de la identificación de trámites a racionalizar en la vigencia | E12: Servicio Integral al Ciudadano | F12: Dependencias involucradas que tengan trámites a cargo | G12: Humanos | H12: Número de informes presentados | I12: 45716 | J12: 0 | L12: 0 | O12: 0 | Q12: 0
B13: 1.8 | C13: Formular y cargue en el SUIT la Estratégia de Racionalización de trámites de la vigencia | D13: Un (1) documento con la Estrategia de trámites formulada y cargada en el SUIT | E13: Servicio Integral al Ciudadano | F13: TICS Dependencias involucradas que tengan trámites a cargo | G13: Tecnológicos | H13: (Número de documentos de la estrategias de racionalización de trámites cargados en la plataforma SUIT / Numero de estrategias de racionalización de tramites programadas en la vigencia) *100 | I13: 45792 | J13: 0 | L13: 0 | O13: 0 | Q13: 0
B14: 1.9 | C14: Ejecutar las actividades definidas en la Estrategia de Racionalización de Trámites. | D14: Racionalizar el 100% de los trámites priorizadas en la Estrategia de Racionalización de la vigencia 2025 cargada en la plataforma SUIT. | E14: Servicio Integral al Ciudadano | F14: Direcciones técnicas del Ministerio del Deporte | G14: 45657 | H14: Número de actividades ejecutadas para racionalizar los trámites priorizados en la estrategia / Número total de actividades formuladas en la estrategia de Racionalización de Tramites del Ministerio del Deporte) * 100 | I14: 15/08/2025 30/11/2025 | J14: 0 | L14: 0 | O14: 0 | Q14: 0
B15: 1.10 | C15: Realizar monitoreo a las OPAs definidas en la Estrategia de Racionalización de Trámites | D15: Tres (3) seguimientos a la estrategia de racionalización de trámites en SUIT. | E15: Oficina de Control Interno | F15: Servicio Integral al Ciudadano Oficina Asesora de Planeación | G15: Jefe OCI Equipos de Cómputo GESDOC Herramientas de trabajo colaborativo y en la nube Usuario activo SUIT | H15: Número de seguimientos a la estrategia de racionalización de trámites en SUIT. | I15: 16/01/2025 15/05/2025 12/09/2025 | J15: 0 | L15: 0 | O15: 0 | Q15: 0
J16: =AVERAGE(J6:J15) -> 0 | L16: =AVERAGE(L6:L15) -> 0 | O16: =AVERAGE(O6:O15) -> 0 | Q16: =AVERAGE(Q6:Q15) -> 0
